[Event "*** Titled Tuesday Blitz"]
[Site "Chess.com"]
[Date "2020.05.19"]
[Round "7"]
[White "fighter2jz"]
[Black "Hasangatin_Ramil"]
[Result "1-0"]
[WhiteElo "2764"]
[BlackElo "2595"]
[TimeControl "180+1"]
[EndTime "13:21:56 PDT"]
[Termination "fighter2jz won on time"]

1. e4 d5 2. exd5 Qxd5 3. Nc3 Qd6 4. d4 Nf6 5. Nf3 c6 6. g3 Bg4 7. Bg2 e6 8. O-O Qc7 9. h3 Bxf3 10. Qxf3 Nbd7 11. a4 a5 12. Bf4 Bd6 13. Be3 O-O 14. Ne2 Rfe8 15. c4 e5 16. c5 Bf8 17.
Rac1 Nd5 18. Nc3 Nxc3 19. bxc3 exd4 20. cxd4 Nf6 21. Rb1 Nd5 22. Bd2 Be7 23. Rb3 Bf6 24.
Rfb1 Rab8 25. Qd3 Qd7 26. Bxa5 Ra8 27. Rxb7 Qe6 28. Re1 Qc8 29. Rxe8+ Qxe8 30. Bd2 Rxa4 31. Qb3 Ra8 32. Bxd5 cxd5 33. Qxd5 Rd8 34. Qb3 Bxd4 35. Ba5 Rc8 36. Bb4 Bxc5 37. Bxc5 Rxc5 38. Qe3 Rc8 39. Re7 Qf8 40. h4 Rd8 41. Kh2 h6 42. Qe4 Rc8 43. Qe5 Rd8 44. Qc7 Rc8 45. Qd7 Rd8 46. Qc7 Rc8 47. Qb7 Rb8 48. Qe4 Rd8 49. h5 Rb8 50.
Re5 Qd8 51. Qf4 Qf6 52. Rf5 Qb6 53. Rxf7 Re8 54. Rf5 Qe6 55. Rc5 Qe7 56. Qc4+ Qf7 57. Qd4 Qf8 58. Qd5+ Qf7 59. Qd4 Qf8 60. Rc7 Re7 61.
Qd5+ Kh7 62. Qd3+ Kh8 63. Rc2 Re8 64. Qg6 Rd8 65. Re2 Re8 66. Rxe8 1-0

[Event "*** Titled Tuesday Blitz"]
[Site "Chess.com"]
[Date "2020.05.19"]
[Round "7"]
[White "swayamsm"]
[Black "pichonazo"]
[Result "0-1"]
[WhiteElo "2638"]
[BlackElo "2517"]
[TimeControl "180+1"]
[EndTime "13:21:56 PDT"]
[Termination "pichonazo won by resignation"]

1. d4 Nf6 2. Nf3 g6 3. Nc3 d5 4. Bf4 Bg7 5. h4 O-O 6. e3 c5 7. Nb5 Nc6 8. Nc7 Rb8 9. Nb5 Ra8 10. Be2 cxd4 11. Nfxd4 Nxd4 12. exd4 Bf5 13. g4 Bd7 14. Nc3 Bc6 15. h5 Ne4 16. f3 Nxc3 17. bxc3 e5 18. Bxe5 Bxe5 19. dxe5 Re8 20. Qd4 Qe7 21. f4 f6 22.
hxg6 hxg6 23. Bf3 fxe5 24. fxe5 Qxe5+ 25. Kd2 Qxd4+ 26. cxd4 Rf8 27. Raf1 Rae8 28. c3 Kg7 29. Be2 Rxf1 30. Rxf1 Rh8 31. Rf2 Rh1 32. Bf3 Rg1 33.
Ke3 g5 34. Rc2 Re1+ 35. Kf2 Ra1 36. Ke2 Bb5+ 37. Kf2 Bc4 38. Be2 Rxa2 39. Rxa2 Bxa2 40. Ke3 Bb3 41. Kd2 Kf6 42. Kc1 Ke6 43. Kb2 Ba4 44.
Ka3 Bd7 45. Kb4 Kd6 46. Ka5 Bc8 47. Bf3 b6+ 48. Kb5 Bb7 49. Kb4 a6 50. c4 Bc6 51.
Be2 dxc4 52. Bxc4 a5+ 53. Kc3 b5 54. Be2 b4+ 55. Kc4 Bd7 56. d5 Kc7 57. Kc5 b3 58. d6+ Kd8 59. Kc4 a4 60. Kc3 Be6 61. Bb5 a3 62. Bd3 b2 63. Kc2 Ba2 64. Kc3 b1=Q 65. Bxb1 Bxb1 66. Kb3 Be4 67. Kxa3 Bf3 68. Kb4 Bxg4 69.
Kc3 Bd7 70. Kd4 g4 71. Ke5 Ke8 72. Kf4 Kf7 73. Kg3 0-1

[Event "*** Titled Tuesday Blitz"]
[Site "Chess.com"]
[Date "2020.05.19"]
[Round "7"]
[White "vovachesss"]
[Black "Isajevsky_Anton"]
[Result "0-1"]
[WhiteElo "2611"]
[BlackElo "2442"]
[TimeControl "180+1"]
[EndTime "13:21:57 PDT"]
[Termination "Isajevsky_Anton won by checkmate"]

1. d4 d5 2. Nc3 Nf6 3. Bf4 a6 4. e3 e6 5. Nf3 c5 6. a3 Nc6 7. dxc5 Bxc5 8. Bd3 h6 9. O-O O-O 10. e4 Re8 11. exd5 exd5 12. h3 Be6 13. Re1 Rc8 14. Qd2 Bf8 15. Rad1 d4 16. Ne4 Nd5 17. Bg3 f5 18. c4 fxe4 19. Bxe4 Nf6 20. Bxc6 bxc6 21. Nxd4 Bxc4 22. Qc3 Rxe1+ 23. Rxe1 Bd5 24. Nf5 Ne4 25.
Qe5 Nxg3 26. Qxg3 Qf6 27. Qg4 Rd8 28. b4 g6 29. Ng3 Bg7 30. Ne4 Bxe4 31. Rxe4 Kh7 32.
Re6 h5 33. Rxf6 hxg4 34. Rxc6 gxh3 35. gxh3 Ra8 36. Kg2 Bb2 37. a4 Ba3 38. Rb6 Kg7 39. Kg3 Rd8 40. a5 Rd4 41. b5 axb5 42. Rxb5 Ra4 43. Rd5 Be7 44. f4 Kf7 45. Kg4 Ke6 46.
Rb5 Bd6 47. Kg5 Rxf4 48. Rb6 Ra4 49. a6 Kd5 50. Kxg6 Bc5 51. Rf6 Bd4 52. Rf5+ Ke4 53. h4 Rxa6+ 54. Kg5 Be3+ 55. Kg4 Rg6+ 56. Kh5 Rg3 57. Rf8 Bf4 58. Re8+ Be5 59. Rf8 Rg2 60. Rf1 Bf4 61. Re1+ Kf5 62. Re8 Rg7 63. Rf8+ Ke4 64. Re8+ Be5 65. Kh6 Rf7 66. h5 Kf5 67. Rg8 Bf4+ 68.
Rg5+ Bxg5# 0-1

[Event "*** Titled Tuesday Blitz"]
[Site "Chess.com"]
[Date "2020.05.19"]
[Round "7"]
[White "crazy_but_lazy"]
[Black "Yashasd1995"]
[Result "1-0"]
[WhiteElo "2358"]
[BlackElo "2535"]
[TimeControl "180+1"]
[EndTime "13:21:57 PDT"]
[Termination "crazy_but_lazy won on time"]

1. Nf3 Nf6 2. g3 d5 3. Bg2 Nbd7 4. d4 e6 5. O-O Be7 6. c4 O-O 7.
b3 c6 8. Nbd2 b6 9. Bb2 a5 10.
Re1 Ba6 11. Qc2 Rc8 12. e4 h6 13. Rac1 Re8 14. Qb1 Bb4 15. a3 dxe4 16. axb4 exf3 17. Nxf3 axb4 18. Rcd1 Qc7 19. Ne5 Bb7 20. Qc2 c5 21. Nxd7 Nxd7 22. d5 exd5 23. Rxe8+ Rxe8 24. Bxd5 Bxd5 25. Rxd5 Nf8 26. Qd2 Qe7 27. Kf1 Qe4 28. Kg1 Qe1+ 29. Kg2 Re2 30. Qxe1 Rxe1 31. Kf3 Ne6 32. Rd6 h5 33. h4 Kh7 34. Rd2 Kg6 35. Rd6 Rb1 36. Rd2 f6 37. Ke4 Nc7 38. Kd3 Re1 39.
Kc2 Re6 40. Rd7 Ne8 41. Kd3 Nd6 42. Bc1 Ne4 43. Be3 Rd6+ 44. Rxd6 Nxd6 45. Bf4 Ne8 46. Ke4 Kf7 47. Kd5 g6 48. Kc6 Ng7 49. Kxb6 Ne6 50.
Kc6 g5 51. Bd6 Nd4+ 52. Kxc5 Nxb3+ 53. Kxb4 Nd4 54. c5 Ke6 55. Kc4 Nf5 56. hxg5 fxg5 57.
Bb8 Ne7 58. Kb5 Kd5 59. Kb6 h4 60. gxh4 gxh4 61. Bh2 h3 62. f4 Ke4 63. c6 Kf3 64. c7 Kg2 65. f5 Kxh2 66. f6 Nc8+ 67. Kb7 1-0

[Event "*** Titled Tuesday Blitz"]
[Site "Chess.com"]
[Date "2020.05.19"]
[Round "7"]
[White "MariaFominykh"]
[Black "CakeinSpace2002"]
[Result "1/2-1/2"]
[WhiteElo "2333"]
[BlackElo "2221"]
[TimeControl "180+1"]
[EndTime "13:21:57 PDT"]
[Termination "Game drawn by repetition"]

1. d4 Nf6 2. c4 c5 3. d5 b5 4. cxb5 a6 5. b6 Qxb6 6. Nc3 g6 7. Nf3 d6 8. e4 Bg4 9. Be2 Bxf3 10. Bxf3 Bg7 11. O-O O-O 12. h3 Nfd7 13. Be2 Qb4 14. a3 Qd4 15. Be3 Qxd1 16. Rfxd1 a5 17. Na4 Na6 18.
Bb5 Nf6 19. f3 Nc7 20. Bc6 Ra7 21. b4 axb4 22. axb4 Na6 23. bxc5 Nxc5 24. Nxc5 Rxa1 25. Rxa1 dxc5 26. Rc1 Ne8 27. Bxc5 Nd6 28. Rb1 Rc8 29.
Ba7 Be5 30. Kf1 f5 31. exf5 Nxf5 32. Re1 Bd6 33. g4 Ng7 34. Rb1 Ne8 35. Bd4 Nf6 36. g5 Nh5 37. Bd7 Rd8 38. Be6+ Kf8 39. h4 Nf4 40.
Rc1 Rb8 41. Rc8+ Rxc8 42. Bxc8 Nxd5 43. Be6 Nf4 44. Bb3 e5 45. Bb6 Nd3 46. Kg2 Nc5 47.
Bd5 Nd7 48. Be3 Ke7 49. Bd2 Nf8 50. Be3 Ke8 51. Bg8 Ke7 52. h5 gxh5 53. Kh3 Ke8 54.
Kh4 Ng6+ 55. Kxh5 Nf4+ 56. Bxf4 exf4 57. Bxh7 Kf8 58. Be4 Kg7 59. g6 Be5 60. Kg4 Bd6 61.
Kf5 Bc7 62. Ke6 Bb8 63. Kd5 Bc7 64. Ke6 Bb8 65. Kf5 Bc7 66. Ke6 1/2-1/2

[Event "*** Titled Tuesday Blitz"]
[Site "Chess.com"]
[Date "2020.05.19"]
[Round "7"]
[White "OhanyanEminChess"]
[Black "Mimsychess"]
[Result "0-1"]
[WhiteElo "2414"]
[BlackElo "2274"]
[TimeControl "180+1"]
[EndTime "13:21:58 PDT"]
[Termination "Mimsychess won by resignation"]

1. e4 c5 2. Nf3 d6 3. d4 cxd4 4. Nxd4 Nf6 5. Nc3 a6 6. Bc4 e6 7. Bb3 Nbd7 8. f4 Nc5 9. f5 e5 10. Nde2 Nxb3 11. axb3 Be7 12. Bg5 O-O 13. Ng3 Nxe4 14.
Bxe7 Nxc3 15. Bxd8 Nxd1 16. Be7 Ne3 17. Bxf8 Nxc2+ 18. Kf2 Nxa1 19. Bxd6 Nxb3 20. Bxe5 f6 21. Bc3 Bd7 22. Rd1 Bc6 23. Ne2 Re8 24. Nd4 Nxd4 25. Rxd4 h5 26. Rd3 Re4 27. g3 h4 28. Re3 hxg3+ 29. hxg3 Rg4 30. Rd3 Rg5 31. Rd4 Rxf5+ 32. Rf4 Rd5 33. Rd4 Kf7 34. Rxd5 Bxd5 35. Ke3 Ke6 36.
Kd4 g5 37. Bd2 Bf3 38. Ke3 Bd1 39. Ke4 Bc2+ 40. Kd4 Kf5 41. Ke3 Kg4 42. Kf2 f5 43.
Bc1 a5 44. Bd2 b6 45. Bc3 f4 46. gxf4 gxf4 47. Bd4 b5 48. Bb6 a4 49. Bc5 Kf5 50. Bd6 Ke4 51. Ba3 f3 52. Bb4 Bd1 53.
Ke1 Be2 54. Kd2 Kf4 55. Bc5 Kg3 56. Ke1 Kg2 57. Kd2 Bc4 58. Ke1 Bd5 59. Bd4 b4 60. Bc5 a3 61. bxa3 b3 62. Bd4 b2 63. Bxb2 f2+ 64. Kd2 f1=Q 65. Bc3 Qf3 66. Kc1 Qe4 67. Kb2 Qc4 68. Bb4 Qb3+ 69. Kc1 Be4 70. Kd2 Qd3+ 71. Ke1 Kf3 0-1

[Event "*** Titled Tuesday Blitz"]
[Site "Chess.com"]
[Date "2020.05.19"]
[Round "7"]
[White "VaKukl"]
[Black "DraG0s3L"]
[Result "1-0"]
[WhiteElo "2384"]
[BlackElo "2503"]
[TimeControl "180+1"]
[EndTime "13:22:01 PDT"]
[Termination "VaKukl won by resignation"]

1. e4 e6 2. d4 d5 3. Nd2 c5 4. exd5 exd5 5. Ngf3 Nc6 6. Bb5 Qe7+ 7. Qe2 cxd4 8. Qxe7+ Bxe7 9. O-O Bf6 10. Nb3 Bd7 11.
Re1+ Nge7 12. Bg5 Bxg5 13. Nxg5 f6 14. Nf3 Kf7 15. Nbxd4 a6 16. Bd3 Ng6 17. g3 Nge5 18. Kg2 Nxd3 19. cxd3 Rhe8 20. Nxc6 Bxc6 21. Nd4 Bd7 22.
Rxe8 Rxe8 23. Rc1 Rc8 24. Rxc8 Bxc8 25. Kf3 g6 26. Ke3 Ke7 27. Nb3 Kd6 28. Kd4 b6 29.
Nd2 Bg4 30. Nf1 Be6 31. Ne3 Bf7 32. b4 Be6 33. Nd1 a5 34. bxa5 bxa5 35. Nc3 Bf7 36. Na4 Be8 37. Nc5 Bc6 38. Nb3 a4 39. Nc5 Bb5 40.
a3 Bc6 41. Na6 Bb5 42. Nb4 Bc6 43. Kc3 Bb5 44. Nc2 Ke5 45. Kb4 Bxd3 46. Ne1 Be4 47. Kxa4 Kd4 48. Kb4 g5 49. a4 g4 50. a5 Ke5 51. a6 d4 52. a7 h5 53. Kc4 Bd5+ 54. Kd3 Be4+ 55. Kd2 Ba8 56. Nd3+ Ke4 57. Nf4 Kf3 58.
Nxh5 f5 59. Ng7 f4 60. Kd3 fxg3 61. fxg3 Kg2 62. Kxd4 Kxh2 63. Nf5 Kg2 64. Ke5 Kf3 65. Kf6 Bb7 66. Kg5 Ba8 67. Kh4 Bb7 68. Nd6 Ba8 69.
Nc8 Bb7 70. Nb6 Kg2 71. a8=Q Bxa8 72. Nxa8 Kf3 73. Nc7 Ke4 74. Kxg4 Ke5 75. Kg5 Kd6 76. Nb5+ Ke6 77. Kg6 Ke7 78. g4 Kf8 79. g5 Kg8 80.
Kf6 Kh8 81. g6 Kg8 82. g7 Kh7 83. Kf7 Kh6 1-0

[Event "*** Titled Tuesday Blitz"]
[Site "Chess.com"]
[Date "2020.05.19"]
[Round "7"]
[White "DaggiGretarsson"]
[Black "olksuna"]
[Result "1/2-1/2"]
[WhiteElo "2617"]
[BlackElo "2582"]
[TimeControl "180+1"]
[EndTime "13:22:04 PDT"]
[Termination "Game drawn by agreement"]

1. d4 Nf6 2. c4 g6 3. Nc3 d5 4. Bf4 Bg7 5. e3 O-O 6. Rc1 dxc4 7. Bxc4 Nbd7 8. Be2 c5 9. d5 Nb6 10. e4 e6 11. d6 e5 12. Bxe5 Re8 13. Bxf6 Bxf6 14.
Nf3 Bg4 15. O-O a6 16. e5 Bxf3 17. Bxf3 Bxe5 18. Bxb7 Ra7 19. Bc6 Re6 20. Ne4 Bxd6 21. Nxc5 Bxh2+ 22. Kxh2 Qc7+ 23. Kg1 Rxc6 24. b4 a5 25. a3 axb4 26. axb4 Na4 27. Ne4 Rxc1 28. Qxc1 Qxc1 29. Rxc1 Rb7 30. Rc4 Kf8 31. g4 h6 32.
Rd4 Ke7 33. Kg2 Rb5 34. Kf3 Nb6 35. Nc3 Re5 36. b5 Rc5 37. Rd3 Rc4 38. Ne4 Rb4 39.
Nd6 Nd7 40. Nc8+ Ke8 41. Nd6+ Ke7 42. Nc8+ Ke8 43. Re3+ Kf8 44. Nd6 Nb6 45. Rc3 Nd5 46. Rc5 Rb3+ 47. Ke4 Nf6+ 48. Kd4 Nxg4 49. Kc4 Rb1 50.
f3 Ne3+ 51. Kd3 Ng2 52. Nc4 Nf4+ 53. Ke4 g5 54. b6 h5 55. Rxg5 Rb4 56. Kxf4 Rxc4+ 57. Kf5 Rb4 58. Rxh5 Rb5+ 59. Kg4 Rxb6 60. Re5 Rg6+ 61.
Kf4 Kg7 62. Ke3 Rf6 63. Re4 Re6 64. Kf2 Kf6 65. Rf4+ Ke7 66. Rg4 Rf6 67. Rc4 Re6 68.
Kg3 Rf6 69. Kg4 Re6 70. Kg3 Rg6+ 71. Kf2 Re6 1/2-1/2

[Event "*** Titled Tuesday Blitz"]
[Site "Chess.com"]
[Date "2020.05.19"]
[Round "7"]
[White "wanyaland"]
[Black "JozefKneht"]
[Result "0-1"]
[WhiteElo "2347"]
[BlackElo "2510"]
[TimeControl "180+1"]
[EndTime "13:22:04 PDT"]
[Termination "JozefKneht won on time"]

1. d4 d5 2. c4 e6 3. Nc3 Nf6 4. Nf3 Be7 5. e3 O-O 6. Bd3 c5 7. dxc5 Bxc5 8. Qc2 Nc6 9. a3 d4 10. exd4 Nxd4 11. Nxd4 Bxd4 12. O-O h6 13. Bf4 e5 14. Bg3 Re8 15. Rfe1 Bd7 16. Rad1 Bc6 17. Bf5 Qa5 18.
Kh1 a6 19. Ne4 Nxe4 20. Bxe4 Bxe4 21. Rxe4 f5 22. Re2 f4 23. Bh4 Qb6 24. b4 Qc6 25. f3 Rac8 26. c5 Kh8 27. Bf2 Bxf2 28. Rxf2 b6 29. Rc1 bxc5 30. bxc5 e4 31. fxe4 Rxe4 32.
h3 Re3 33. Kg1 f3 34. gxf3 Rxf3 35. Rxf3 Qxf3 36. c6 Qg3+ 37. Kh1 Qxh3+ 38. Qh2 Qxh2+ 39. Kxh2 Kg8 40. c7 Kf7 41. Rc6 Ke7 42. Kg3 Kd7 43.
Rg6 Rg8 44. Rxa6 Kxc7 45. Kg4 Kb7 46. Rg6 Kc7 47. a4 Kd7 48. a5 Ke7 49. Ra6 Rc8 50.
Ra7+ Kf6 51. Ra6+ Kf7 52. Ra7+ Kg6 53. Ra6+ Kh7 54. Ra7 Rc4+ 55. Kg3 Ra4 56. a6 h5 57.
Ra8 Kh6 58. a7 Kg5 59. Kf3 Ra3+ 60. Kg2 h4 61. Kh2 Kg4 62. Kg2 Ra2+ 63. Kf1 h3 64. Ke1 Kg3 65. Kd1 h2 66. Rh8 Rxa7 0-1

[Event "*** Titled Tuesday Blitz"]
[Site "Chess.com"]
[Date "2020.05.19"]
[Round "7"]
[White "mishikomchedlishvili"]
[Black "Kildepiotr"]
[Result "1-0"]
[WhiteElo "2844"]
[BlackElo "2575"]
[TimeControl "180+1"]
[EndTime "13:22:05 PDT"]
[Termination "mishikomchedlishvili won by resignation"]

1. d4 c5 2. d5 e5 3. c4 d6 4. Nc3 Be7 5. Nf3 a6 6. g3 Bg4 7. Bg2 Bxf3 8. Bxf3 Bg5 9. e3 f5 10.
h4 Bf6 11. e4 Ne7 12. Qd3 g6 13. h5 Nd7 14. Bd2 Kf7 15. O-O-O b5 16. cxb5 axb5 17. Nxb5 Qb6 18. hxg6+ hxg6 19. Rxh8 Bxh8 20. Kb1 Nf6 21. Nc3 Bg7 22. Bc1 Rb8 23. Qe2 Qb4 24. Qc2 Rh8 25.
Rh1 Rxh1 26. Bxh1 fxe4 27. Nxe4 Nxe4 28. Bxe4 Bf6 29. a3 Qe1 30. Ka2 Kg7 31. Bd2 Qf1 32.
Bc3 Qc4+ 33. b3 Qf1 34. a4 g5 35. a5 g4 36. Qd3 Qxf2+ 37. Ka3 Bg5 38. Qc2 Qe3 39.
a6 c4 40. b4 Qa7 41. b5 Be3 42. Ka4 Bc5 43. Ba5 Nc8 44. Qe2 Nb6+ 45. Bxb6 Qxb6 46. Qxg4+ Kf8 47. Qc8+ Ke7 48. Qb7+ Qxb7 49. axb7 Ba7 50. Kb4 Kd7 51. g4 Kc7 52. g5 Be3 53. g6 Bh6 54. Kxc4 Kxb7 55. Bf5 Kb6 56. Bd3 Bg7 57. Bc2 Bh6 58.
Bf5 Bg7 59. Bd7 Bh6 60. Kd3 Kc5 61. Ke4 Bg7 62. Bc6 Bf8 63. Kf5 Bg7 64. Ke4 Bf8 65.
Be8 Bh6 66. Bd7 Bg7 67. Kf5 Kxd5 68. b6 e4 69. b7 e3 70. b8=Q 1-0

[Event "*** Titled Tuesday Blitz"]
[Site "Chess.com"]
[Date "2020.05.19"]
[Round "7"]
[White "FMOlexandrProhorov"]
[Black "DanielTitichoca"]
[Result "1-0"]
[WhiteElo "2131"]
[BlackElo "2314"]
[TimeControl "180+1"]
[EndTime "13:22:07 PDT"]
[Termination "FMOlexandrProhorov won by checkmate"]

1. e4 c5 2. c3 Nf6 3. e5 Nd5 4. Nf3 Nc6 5. Bc4 Nb6 6. Bb3 c4 7. Bc2 d6 8. Qe2 g6 9. O-O Bg7 10. exd6 Qxd6 11. h3 O-O 12. b3 cxb3 13. axb3 Nd5 14. d4 Nf4 15. Qe4 Bf5 16. Qxf4 Qxf4 17. Bxf4 Bxc2 18. Nbd2 Rac8 19. Rfc1 Bf5 20. b4 a6 21. Nb3 Be4 22. Nfd2 Bd3 23. Nc5 Bf5 24. Nxb7 e5 25. dxe5 Nxe5 26. Nc5 Rfd8 27. Rxa6 Rxc5 28. bxc5 Nd3 29. Bg5 f6 30. Bxf6 Bxf6 31. Rxf6 Nxc1 32. Nf3 Rd1+ 33. Kh2 Ne2 34. c6 Rc1 35. Rd6 Rxc3 36. Ne5 Kf8 37. g4 Ke7 38. Rd2 Bxg4 39. hxg4 Nf4 40. Ra2 Ke6 41. Ra5 g5 42. Rb5 Ne2 43. Kg2 Nd4 44. Ra5 h6 45. c7 Rxc7 46. Nd3 Rc3 47.
Nc5+ Kf6 48. Ra6+ Ke5 49. Nd7+ Ke4 50. Rxh6 Ne2 51. Nf6+ Kf4 52. Nd5+ Kxg4 53. Nxc3 Nxc3 54. f3+ Kf5 55. Rc6 Nd5 56. Kg3 Nf4 57. Rc5+ Kf6 58. Kg4 Ne6 59. Rc6 Ke5 60. Rxe6+ Kxe6 61. Kxg5 Kf7 62. Kf5 Kg8 63. f4 Kf8 64. Kf6 Ke8 65. f5 Kf8 66. Kg6 Kg8 67. f6 Kf8 68. f7 Ke7 69.
Kg7 Ke6 70. f8=Q Ke5 71. Qf6+ Kd5 72. Kg6 Kc4 73. Qe7 Kd3 74. Qe5 Kc2 75. Qd4 Kb3 76. Qc5 Ka2 77. Qb4 Ka1 78. Kf5 Ka2 79. Ke4 Ka1 80. Kd3 Ka2 81. Kc2 Ka1 82. Qb2# 1-0

[Event "*** Titled Tuesday Blitz"]
[Site "Chess.com"]
[Date "2020.05.19"]
[Round "7"]
[White "Love_craft"]
[Black "51616516516"]
[Result "0-1"]
[WhiteElo "2489"]
[BlackElo "2344"]
[TimeControl "180+1"]
[EndTime "13:22:11 PDT"]
[Termination "51616516516 won by checkmate"]

1. Nf3 Nf6 2. g3 c5 3. Bg2 Nc6 4. O-O g6 5. d3 Bg7 6. e4 O-O 7. Nh4 d6 8. f4 Rb8 9. h3 Nh5 10. Kh2 b5 11. g4 e5 12. Nxg6 fxg6 13. gxh5 exf4 14. hxg6 hxg6 15. Nd2 Qh4 16. Nf3 Qg3+ 17. Kh1 Bxh3 18. Bxh3 Qxh3+ 19. Nh2 g5 20. c3 b4 21.
Qb3+ Kh8 22. Rf3 Qh4 23. Qc2 g4 24. Rxf4 Rxf4 25. Bxf4 g3 26. Bxd6 Rd8 27. Bxc5 bxc3 28. bxc3 Rxd3 29. Rg1 Rxc3 30. Qg2 Qxh2+ 31. Qxh2+ gxh2 32.
Rg5 Bf6 33. Rh5+ Kg7 34. Kxh2 Rc2+ 35. Kg3 Be5+ 36. Kg4 Rxc5 37. Rh1 Rc2 38. Kf5 Bc3 39. Rg1+ Kf7 40. Rh1 Rf2+ 41. Kg4 Rxa2 42. Rh7+ Ke6 43. Rc7 Ne5+ 44. Kg3 Bd4 45. Rb7 Ra3+ 46. Kg2 a5 47. Rb8 Ra2+ 48. Kh3 a4 49. Kh4 a3 50. Ra8 Ra1 51. Kg3 a2 52. Kh2 Kf6 53. Ra6+ Kg5 54. Ra4 Be3 55. Ra3 Kf4 56. Kg2 Kxe4 57. Kh2 Bd4 58. Ra4 Ng4+ 59. Kg2 Rg1+ 60. Kh3 a1=Q 61. Rxd4+ Kxd4 62. Kh4 Qa2 63. Kg5 Qa5+ 64. Kh4 Ne3 65. Kh3 Qh5# 0-1

[Event "*** Titled Tuesday Blitz"]
[Site "Chess.com"]
[Date "2020.05.19"]
[Round "7"]
[White "LADIESGET2KNOWME"]
[Black "Gareth-Bale11"]
[Result "1/2-1/2"]
[WhiteElo "2552"]
[BlackElo "2699"]
[TimeControl "180+1"]
[EndTime "13:22:12 PDT"]
[Termination "Game drawn by repetition"]

1. e4 c5 2. c3 Qa5 3. Na3 d6 4.
Nf3 Nc6 5. Bd3 Nf6 6. h3 g6 7. O-O Bg7 8. Re1 O-O 9. Bc2 Bd7 10. Nc4 Qc7 11. a4 Rac8 12. d3 d5 13. exd5 Nxd5 14.
Bg5 Bf5 15. Bh4 Rfd8 16. Bg3 Qd7 17. Qe2 h6 18. Bh2 g5 19. Rad1 e6 20. Nd6 Ra8 21. Nxf5 exf5 22. Bb3 f4 23. Qe4 Nf6 24. Qe2 Re8 25. Qc2 Rxe1+ 26. Rxe1 Rd8 27. Bc4 Nd5 28. Qe2 Nb6 29. Bb5 a6 30. Bxc6 Qxc6 31. a5 Nd5 32. g3 Qd7 33. gxf4 g4 34. Ne5 Bxe5 35. fxe5 gxh3 36. Kh1 Qf5 37. Qe4 Qxe4+ 38. Rxe4 Ne7 39. Re3 Nc6 40. Rxh3 Nxa5 41. Bf4 Kg7 42. Bxh6+ Kg6 43.
Bd2 Kf5 44. Rh5+ Ke6 45. d4 cxd4 46. cxd4 Nb3 47. Bc3 Nxd4 48. Bxd4 Rxd4 49. Kg2 Rb4 50. Kg3 Rxb2 51. f4 Rb1 52. Rh6+ Ke7 53. Kf3 a5 54. Ke4 a4 55. Rh3 b5 56. Rc3 Kd7 57. Rd3+ Kc6 58. Rd6+ Kc5 59. Rd7 a3 60. Ra7 Rb4+ 61. Kd3 Ra4 62. Rc7+ Kb6 63. Rc1 a2 64. Ra1 Ka5 65. Kc3 Rxf4 66. Rxa2+ Kb6 67. Rd2 Kc5 68.
Rd7 b4+ 69. Kb3 Rf3+ 70. Kb2 Kc4 71. Rd6 Rf2+ 72. Kc1 b3 73. Rc6+ Kd3 74. Rd6+ Kc3 75. Rc6+ Kd3 76. Rb6 Kc4 77. Rc6+ Kd3 1/2-1/2

[Event "*** Titled Tuesday Blitz"]
[Site "Chess.com"]
[Date "2020.05.19"]
[Round "7"]
[White "killer311"]
[Black "RianKapriaga"]
[Result "1-0"]
[WhiteElo "2405"]
[BlackElo "2215"]
[TimeControl "180+1"]
[EndTime "13:22:14 PDT"]
[Termination "killer311 won on time"]

1. d4 Nf6 2. c4 e6 3. Nc3 Bb4 4. e3 c5 5. Bd2 d5 6. Nf3 Nc6 7.
a3 Bxc3 8. Bxc3 cxd4 9. exd4 dxc4 10. Bxc4 O-O 11. O-O b6 12. Qe2 Bb7 13. Rad1 Nd5 14.
Bd2 Rc8 15. Bg5 Qd7 16. Bb5 Qc7 17. Rc1 Qb8 18. Rfe1 Nce7 19. Ne5 Rxc1 20. Rxc1 Rc8 21. Qh5 Rxc1+ 22. Bxc1 Ng6 23. Bd2 Qc7 24. Qe2 Qc2 25. Be1 Qxe2 26. Bxe2 Ndf4 27. Bf1 Nxe5 28. dxe5 Ng6 29.
Bc3 Kf8 30. Bb5 a6 31. Bb4+ Kg8 32. Bd3 Nxe5 33. Be2 f6 34. f4 Nd7 35. Bd6 Kf7 36. g4 Bd5 37. Bxa6 Nc5 38. Bb5 Ne4 39. Bc7 g5 40. fxg5 Nxg5 41. Bxb6 Nf3+ 42. Kf2 Ne5 43.
h3 h5 44. gxh5 Nc4 45. Bd4 e5 46. Bc3 Nd6 47. Be2 Ne4+ 48. Ke3 Nxc3 49. bxc3 f5 50. c4 Bc6 51. Bf3 f4+ 52. Kf2 e4 53. Be2 e3+ 54. Kf1 f3 55. Bd3 Kf6 56. h6 Kf7 57. h7 Kg7 58. h4 Kh8 59. h5 f2 60. c5 Bd7 61. Be4 Bh3+ 62. Bg2 Bd7 63. Ke2 Bb5+ 64. Kxe3 f1=Q 65. Bxf1 Bxf1 66. c6 Ba6 67. c7 Kxh7 68. Kd4 Kh6 69. Kc5 Kxh5 70. Kb6 Bc8 71. a4 Kg5 72. a5 Kf6 73. a6 Ke7 74. a7 1-0

[Event "*** Titled Tuesday Blitz"]
[Site "Chess.com"]
[Date "2020.05.19"]
[Round "7"]
[White "bsnsun"]
[Black "Xeniya2005"]
[Result "1-0"]
[WhiteElo "2486"]
[BlackElo "2289"]
[TimeControl "180+1"]
[EndTime "13:22:16 PDT"]
[Termination "bsnsun won on time"]

1. Nf3 d5 2. g3 Nf6 3. c4 dxc4 4. Qa4+ Nc6 5. Qxc4 Be6 6. Qc2 Qd7 7. Nc3 g6 8.
d3 Bg7 9. Bg2 O-O 10. O-O Rac8 11. Re1 a6 12. Qa4 Nd5 13. Bd2 Nb6 14. Qc2 h6 15. Rac1 Nb4 16. Qb1 f5 17. a3 Nc6 18.
b4 Kh7 19. b5 axb5 20. Qxb5 Ra8 21. a4 Ra5 22. Qb1 Ra6 23. d4 Rb8 24. e3 Nxa4 25.
Nxa4 Rxa4 26. Ng5+ hxg5 27. Bxc6 bxc6 28. Qxb8 Bd5 29.
Qb1 Be4 30. Qb3 Ra6 31. Qc4 Rb6 32. Qf1 Bf3 33. Qh3+ Kg8 34. e4 g4 35. Qh4 Bxe4 36.
Be3 Kf7 37. Qg5 Qd5 38. Rc5 Qd7 39. Qf4 Bf6 40. d5 g5 41. dxc6 Qe6 42. Qxc7 Rb2 43. Qd8 Bxc6 44. Qc7 Bd5 45. Rxd5 Qxd5 46. Qc8 f4 47.
gxf4 gxf4 48. Bxf4 Qf3 49. Bg3 Bd4 50. Qc4+ Ke8 51.
Qxd4 Re2 52. Qh8+ Kd7 53. Qd4+ Ke8 54. Qa4+ Kf7 55. Rxe2 Qxe2 56. Qb3+ Ke8 57. Qc3 Qd1+ 58. Kg2 Kf7 59. Qc4+ e6 60. Qc7+ Kf6 61. Qc6 Kf7 62. Qb7+ Kf6 63. Qa8 Kf7 64. Bh4 Kg6 65. Qc6 Kf7 66.
Bg3 Ke7 67. Bh4+ Kf7 68. Qc7+ Kg6 69. Qb7 Qe2 70. Bg3 1-0

[Event "*** Titled Tuesday Blitz"]
[Site "Chess.com"]
[Date "2020.05.19"]
[Round "7"]
[White "RestartingChess"]
[Black "RojonR"]
[Result "0-1"]
[WhiteElo "2532"]
[BlackElo "2420"]
[TimeControl "180+1"]
[EndTime "13:22:17 PDT"]
[Termination "RojonR won by resignation"]

1. e4 c5 2. Nf3 Nc6 3. b4 Nxb4 4. c3 Nc6 5. d4 cxd4 6. cxd4 d6 7.
d5 Nb8 8. Bb2 Nf6 9. Nbd2 g6 10.
Bb5+ Bd7 11. Qa4 Bg7 12. g4 O-O 13. g5 Nh5 14. Bxg7 Nxg7 15. h4 a6 16. Bxd7 Nxd7 17. Rb1 b5 18. Qd4 Qb6 19. Qxb6 Nxb6 20. Nd4 f5 21. f3 fxe4 22. fxe4 e6 23. dxe6 Rae8 24. Rc1 Nxe6 25. Nxe6 Rxe6 26. Rc6 Nc4 27. Rxa6 Rf4 28. Ra8+ Kf7 29. Ra7+ Re7 30. Rxe7+ Kxe7 31. h5 Nxd2 32. Kxd2 Rxe4 33. hxg6 hxg6 34. Rh7+ Ke6 35. Kd3 Ra4 36. Rb7 Rxa2 37. Rxb5 Rf2 38. Ke4 Re2+ 39. Kf4 Rf2+ 40. Ke4 d5+ 41. Ke3 Rf5 42. Rb6+ Kf7 43. Rb7+ Ke8 44.
Kd4 Rxg5 45. Rh7 Kf8 46. Rd7 Rf5 47. Ra7 g5 48. Rb7 g4 49. Rb3 Rg5 50. Rg3 Ke7 51. Ke3 Ke6 52. Kf4 Rg8 53. Re3+ Kd6 54. Kg3 d4 55. Ra3 Kd5 56. Ra5+ Ke4 57. Ra7 Rg6 58. Re7+ Kd3 59. Rd7 Kc3 60. Rc7+ Kd2 61. Rd7 d3 62. Rd8 Kc2 63. Rc8+ Kd1 64. Rd8 d2 65. Kf2 g3+ 66.
Ke3 g2 67. Rxd2+ Ke1 68. Re2+ Kf1 69. Rf2+ Kg1 70. Ra2 Kh1 71. Kd3 g1=Q 72. Re2 Qf1 73. Ke3 Qxe2+ 74. Kxe2 Rg2+ 75. Ke3 Kh2 76. Kf3 Rg3+ 77.
Ke4 Kg2 78. Kf4 Rf3+ 79. Ke4 Kf2 80. Ke5 Ke3 81. Kd5 Rf4 82. Ke6 Ke4 83. Kd6 Rf5 84.
Ke6 Kf4 85. Kd6 Re5 86. Kc6 Ke4 87. Kd6 Kd4 88. Kc6 Rd5 0-1

[Event "*** Titled Tuesday Blitz"]
[Site "Chess.com"]
[Date "2020.05.19"]
[Round "7"]
[White "Orest_Vovk"]
[Black "GameOverBro"]
[Result "1-0"]
[WhiteElo "2385"]
[BlackElo "2506"]
[TimeControl "180+1"]
[EndTime "13:22:17 PDT"]
[Termination "Orest_Vovk won on time"]

1. e4 d6 2. Be2 Nf6 3. d3 e5 4. f4 Nc6 5. Nf3 g6 6. O-O Bg7 7. Nc3 O-O 8. f5 d5 9. fxg6 hxg6 10. Bg5 dxe4 11. Nxe4 Bf5 12. Ng3 Nd4 13. Nxf5 Nxf5 14. g4 Nd4 15. c3 Nxf3+ 16. Rxf3 Qd6 17. h3 Rae8 18. Qf1 Nd5 19. Qf2 a5 20. Rf1 f6 21.
Bc1 b6 22. h4 Qe6 23. Rh3 Nf4 24. Rh2 f5 25. g5 Nxe2+ 26. Qxe2 e4 27. Bf4 exd3 28. Qxd3 Be5 29. Bxe5 Qxe5 30. h5 Qe4 31. Qxe4 Rxe4 32. hxg6 Kg7 33. Rh7+ Kxg6 34. Rxc7 Rg4+ 35.
Kf2 Rf4+ 36. Kg2 Rg4+ 37. Kf3 Rh8 38. Rf2 Rh3+ 39. Ke2 Re4+ 40. Kd2 Kxg5 41. Rg7+ Kf6 42.
Rg8 Rh5 43. Rb8 Re6 44. Rf8+ Kg6 45. Rg2+ Kh7 46. Rf7+ Kh6 47. Rf8 Rg5 48. Rh8+ Kg7 49. Rxg5+ Kxh8 50. Rxf5 Kg7 51. Rd5 Kf7 52. Rd3 Ke7 53. Re3 Kd6 54. Rxe6+ Kxe6 55. Ke3 Kd5 56. Kd3 Kc5 57. b3 Kd5 58. c4+ Kc5 59. Kc3 Kc6 60.
Kd4 Kd6 61. a3 Kc6 62. b4 axb4 63. axb4 Kd6 64. Ke4 Ke6 65. Kd3 Ke5 66. Ke3 Ke6 67. Ke4 Kd6 68. Kd4 Ke6 69. Kc3 Ke5 70. Kd3 Ke6 71. Kc2 Ke5 72. Kb3 Kd4 73. b5 Kc5 74.
Kc3 Kd6 75. Kd2 Kc5 76. Kd3 Kd6 77. Kd4 Ke6 78. c5 bxc5+ 79. Kxc5 Kd7 80. Kb6 1-0